[Event "14th Chennai GM Open 2023"]
[Site "Chennai"]
[Date "2024.01.03"]
[Round "6.14"]
[White "Ratnakaran, K.."]
[Black "Shah Jeet"]
[Result "1-0"]
[ECO "C77"]
[WhiteElo "2256"]
[BlackElo "1830"]
[Annotator "RC"]
[PlyCount "127"]
[EventDate "2023.12.31"]
[EventType "swiss"]
[EventCountry "IND"]
[SourceTitle "playchess.com"]
[Source "ChessBase"]
[SourceQuality "1"]
[TimeControl "5400+30"]

1. e4 e5 2. Nf3 Nc6 3. Bb5 a6 4. Ba4 Nf6 5. d3 d6 6. c3 g6 7. Nbd2 Bg7 8. Nf1 O-O 9. Ng3 d5 10. Qe2 Qd6 11. h4 Bg4 12. Bg5 h6 13. Bxf6 Bxf6 14. exd5 Qxd5 15. Bb3 Qd7 16. h5 Kg7 17. hxg6 fxg6 18. O-O-O Bxf3 19. gxf3 Bg5+ 20. Kb1 Rad8 21. Ne4 Qf5 22. Nc5 Rde8 23. Bd5 Nd8 24. Be4 Qc8 25. d4 exd4 26. Rxd4 Ne6 27. Rd7+ Kf6 28. f4 Nxf4 29. Qd1 Re5 30. Bxb7 Qe8 31. Rxc7 Rf7 32. Bc6 Rxc7 33. Bxe8 Rcxc5 34. Qd6+ Kg7 35. Ba4 Rcd5 36. Qxa6 h5 37. Rd1 h4 38. Rxd5 Nxd5 39. Bc6 Re1+ 40. Kc2 Nf4 41. Qa5 Re2+ 42. Kd1 Kh6 43. Qa8 Bf6 44. Qf8+ Kg5 45. Qc5+ Kh6 46. Qd6 Kg5 47. Qxf4+ Kxf4 48. Kxe2 g5 49. a4 Ke5 50. Bd7 Kf4 51. a5 Bd8 52. b4 g4 53. Bc6 h3 54. a6 Bb6 55. c4 Ke5 56. c5 Ba7 57. Ke3 h2 58. Kd3 Ke6 59. Kc4 Ke7 60. b5 Kd8 61. b6 Bb8 62. a7 Bxa7 63. bxa7 Kc7 64. a8=Q 1-0

[Event "14th Chennai GM Open 2023"]
[Site "Chennai"]
[Date "2024.01.04"]
[Round "7.1"]
[White "Nguyen, Duc Hoa"]
[Black "Fedorov, Alexei"]
[Result "1/2-1/2"]
[ECO "B42"]
[WhiteElo "2322"]
[BlackElo "2454"]
[Annotator "RC"]
[PlyCount "71"]
[EventDate "2023.12.31"]
[EventType "swiss"]
[EventCountry "IND"]
[SourceTitle "playchess.com"]
[Source "ChessBase"]
[SourceQuality "1"]
[TimeControl "5400+30"]

1. e4 c5 2. Nf3 e6 3. d4 cxd4 4. Nxd4 a6 5. Bd3 Bc5 6. Nb3 Be7 7. Qg4 g6 8. Nc3 d6 9. Qe2 Nc6 10. Be3 Nf6 11. O-O-O h5 12. Kb1 b5 13. f4 Qc7 14. Rhf1 b4 15. Na4 Rb8 16. h3 h4 17. Qf2 O-O 18. Qxh4 Nxe4 19. Qh6 Nf6 20. Nd4 Bd7 21. Nf3 Rfc8 22. Bxg6 Bf8 23. Qg5 fxg6 24. Qxf6 Bg7 25. Qh4 Na5 26. Nc5 b3 27. axb3 Nxb3 28. cxb3 Rxb3 29. Bd4 Rxb2+ 30. Bxb2 Qxc5 31. Nd4 Bxd4 32. Rxd4 Qf5+ 33. Ka2 Qa5+ 34. Kb1 Qf5+ 35. Ka2 Qa5+ 36. Kb1 1/2-1/2

[Event "14th Chennai GM Open 2023"]
[Site "Chennai"]
[Date "2024.01.04"]
[Round "7.2"]
[White "Laxman, R.R."]
[Black "Aronyak Ghosh"]
[Result "1/2-1/2"]
[ECO "E11"]
[WhiteElo "2338"]
[BlackElo "2545"]
[Annotator "TA"]
[PlyCount "92"]
[EventDate "2023.12.31"]
[EventType "swiss"]
[EventCountry "IND"]
[SourceTitle "playchess.com"]
[Source "ChessBase"]
[SourceQuality "1"]
[TimeControl "5400+30"]

1. d4 Nf6 2. c4 e6 3. g3 Bb4+ 4. Bd2 Be7 5. Bg2 d5 6. Nf3 O-O 7. Qc2 c6 8. O-O Nbd7 9. Rd1 a5 {[%emt 0:06:29] E11: Bogo-Indian.} 10. b3 b6 11. Bc3 Ba6 12. Nbd2 b5 13. e4 dxc4 14. bxc4 bxc4 15. Ne5 Nxe5 16. dxe5 Nd7 {[%emt 0:00:33] [#]} 17. Bd4 $146 ({Predecessor:} 17. Bf1 Qc7 18. f4 Nb6 19. Bd4 Rfd8 20. Be3 Bb5 21. Rdb1 Ba4 22. Qc1 c3 23. Nb3 Bb4 24. a3 c5 25. axb4 cxb4 26. Nxa5 Rd1 27. Nc4 Rxc1 {0-1 Bottema,T (2219)-Sethuraman,S (2543) Wijk Cultural Village 2011 (6)}) 17... Nb6 18. Bxb6 Qxb6 19. Nxc4 Qc5 20. Bf1 (20. Rac1 $5 ) 20... Bxc4 21. Qxc4 Qxe5 22. Qxc6 Rac8 23. Qa4 {[%emt 0:01:18] [#]} (23. Qb5 $11 Qxb5 24. Bxb5) 23... g5 (23... Bc5 $1 $17 24. Bg2 Qb2) 24. Rac1 Bc5 {[%emt 0:00:00][%cal Oc5f2] Strongly threatening ...Bxf2+!} 25. Qb5 (25. Qxa5 $2 Bxf2+ 26. Kxf2 Qxa5 $19) 25... Rc7 26. Qe2 (26. Qxa5 $2 {too greedy.} Bxf2+ 27. Kxf2 Qxa5 $19) 26... Rb8 {[%emt 0:00:00] White is weak on the dark squares} 27. Rc4 Rb4 28. Rxb4 axb4 29. Qb5 Kg7 (29... h5 {feels hotter.} 30. Rd7 Qf6 31. Rd2 Kg7) 30. Qe2 Ra7 31. Kg2 h6 32. Rd2 Ra3 33. Rd3 (33. Qg4 {keeps more tension.} Qc3 34. Qe2 Bb6 35. h4) 33... Rc3 (33... Rxd3 {simplifies} 34. Qxd3 Bb6 35. Qf3 Kf8) 34. Rd2 Qf6 35. Qg4 Rc1 36. Qe2 Rc3 37. Qg4 Kf8 (37... Kg6 {seems wilder.} 38. h4 Kg7 39. Bb5 Rc1) 38. Qd1 (38. Qh5 {is interesting.} Bd4 39. Bb5 Qe5 40. Be2) 38... Qe5 (38... Qg6 $5 ) 39. Bd3 Kg7 40. Qg4 Bb6 41. Bf1 h5 {[%emt 0:00:00][%mdl 64] [#] Deflection} 42. Qxh5 {[%emt 0:00:17] The position is equal.} Qxe4+ 43. Kg1 Qf5 {[%emt 0:00:00] White should prevent ...Rf3.} 44. Kg2 {[%emt 0:02:07] Wards off Rf3} Qe4+ 45. Kg1 Qf5 {[%emt 0:00:00] Threatening ...Rf3.} 46. Kg2 {[%emt 0:00:29] Dodges Rf3} Qe4+ {[%emt 0:00:06] Weighted Error Value: White=0.09 (flawless) /Black=0.10 (very precise)} 1/2-1/2

[Event "14th Chennai GM Open 2023"]
[Site "Chennai"]
[Date "2024.01.04"]
[Round "7.3"]
[White "Ratnakaran, K.."]
[Black "Savchenko, Boris"]
[Result "0-1"]
[ECO "B11"]
[WhiteElo "2256"]
[BlackElo "2489"]
[Annotator "TA"]
[PlyCount "104"]
[EventDate "2023.12.31"]
[EventType "swiss"]
[EventCountry "IND"]
[SourceTitle "playchess.com"]
[Source "ChessBase"]
[SourceQuality "1"]
[TimeControl "5400+30"]

1. e4 c6 2. Nc3 d5 3. Nf3 Bg4 4. h3 Bh5 5. d3 e6 6. Bd2 {[%emt 0:00:22] [#] B11: Caro-Kann: Two Knights Variation.} Bc5 $146 ({Predecessor:} 6... Nf6 7. g4 Bg6 8. Ne5 dxe4 9. Nxg6 hxg6 10. g5 Nd5 11. Nxe4 Ne7 12. Qg4 Nf5 13. h4 {0-1 Rehorek,M (2346)-Schebler,G (2496) Pardubice Czech op 2007 (2)}) 7. Qe2 (7. g4 $5 Bg6 $8 8. Bg2 $14) 7... Ne7 8. g4 {[%emt 0:03:38] White is slightly better.} Bg6 9. h4 {[%emt 0:02:24] h5 would be deadly.} h5 $1 10. Ne5 dxe4 (10... d4 $15 {keeps the upper hand.} 11. Nd1 Bd6 12. Nxg6 Nxg6) 11. dxe4 ({White should try} 11. Nxe4 $16 Bxe4 12. dxe4 (12. Qxe4 hxg4 13. Nxg4 f5 $15)) 11... hxg4 {[%emt 0:00:05] [#]} ({Black should play} 11... Bd6 $14 12. Nxg6 Nxg6) 12. O-O-O $1 $16 Bh5 13. Be3 {[%emt 0:13:31] Prevents Bd4.} (13. Nxg4 $6 Nd7 $15) (13. Bh6 $16 Qc7 14. Bxg7 (14. Nxg4 $2 Rxh6 {[%mdl 64] Pin} 15. f3 Bxg4 $19)) 13... Bxe3+ $1 $11 14. Qxe3 (14. fxe3 Qc7 15. Qd2 O-O $15) 14... Qc7 15. Nc4 Nd7 $1 16. Nd6+ Kf8 17. Be2 {[%emt 0:02:02] [#]} (17. Qg3 $11) 17... Ng6 $1 $17 {[%emt 0:03:48][%cal Be7g6,Bg6h4,Bh4f3,Bf3d2][%mdl 32] White is now going downhill.} 18. Rd2 Nde5 19. a4 b6 20. Na2 Qe7 (20... Rd8 21. Rhd1 Ra8 22. Nc4 $17) 21. Kb1 Nxh4 ({Inferior is} 21... Rd8 22. Rhd1 $15) 22. Qa3 (22. Rdd1 $17) 22... Kg8 23. Ba6 $2 (23. Qg3 {was necessary.} Nhg6 24. Nc4 Nxc4 25. Bxc4) 23... Nhf3 $19 24. Rdd1 Bg6 {[%emt 0:03:41] White must now prevent ...Rxh1.} 25. Nc8 {[%emt 0:08:22] [#]} Nd2+ $1 {[%emt 0:00:17][%mdl 576] Double Attack} 26. Kc1 Qxa3 27. bxa3 {[%emt 0:00:04] Strongly threatening Ne7+.} Rxh1 (27... Nxe4 $2 28. Rd8#) 28. Rxh1 {[%emt 0:00:08] [#]} Rxc8 $1 29. Bxc8 Nxe4 30. Rf1 Nc5 31. Nb4 a5 (31... Nxa4 $2 {too greedy.} 32. Re1 Nf3 33. Re3 $19) 32. Na6 Nxa4 33. Re1 Nf3 34. Re3 Nd4 35. c3 Nb3+ {[%emt 0:00:26] Black is clearly winning.} 36. Kd1 Nb2+ 37. Ke1 Nc4 38. Rg3 Nxa3 39. Rxg4 Bh5 40. Rh4 Nc2+ 41. Kf1 Nd2+ 42. Kg2 Bf3+ 43. Kg3 g5 44. Ra4 Bd5 45. Nc7 Bb3 46. Rg4 Kf8 {[%emt 0:00:25] ...f5 is the strong threat.} 47. f4 Ne3 48. Rxg5 Ne4+ 49. Kf3 Nxg5+ 50. Kxe3 {[%emt 0:00:11] [#]} a4 $1 {[%emt 0:00:30][%cal Oa4a3] And now ...a3! would win.} 51. Kd2 Ne4+ 52. Kc1 Nxc3 {[%emt 0:00:24] A cool game by Savchenko.   Weighted Error Value: White=0.53/Black=0.15 (very precise)} 0-1

[Event "14th Chennai GM Open 2023"]
[Site "Chennai"]
[Date "2024.01.04"]
[Round "7.4"]
[White "Srihari L R"]
[Black "Sai Vishwesh.C"]
[Result "1-0"]
[ECO "A15"]
[WhiteElo "2467"]
[BlackElo "2228"]
[Annotator "TA"]
[PlyCount "127"]
[EventDate "2023.12.31"]
[EventType "swiss"]
[EventCountry "IND"]
[SourceTitle "playchess.com"]
[Source "ChessBase"]
[SourceQuality "1"]
[TimeControl "5400+30"]

1. c4 Nf6 2. Nf3 g6 3. b4 Bg7 4. Bb2 O-O 5. e3 d6 6. Be2 c5 {[%emt 0:00:00] A15: English Opening: 1...Nf6.} 7. a3 Na6 (7... Nc6 $5 ) 8. Qb3 {[%emt 0:00:00] [#]} cxb4 $146 (8... e5 $11) ({Predecessor:} 8... Qb6 9. b5 Nc7 10. Nc3 Nce8 11. O-O Qc7 12. a4 b6 13. a5 bxa5 14. Ra3 d5 15. cxd5 {1-0 Marques,E-Pereira,C BRA-chT Curitiba 1984 (3)}) 9. axb4 $16 Qb6 10. Bc3 Ne4 11. Bxg7 Kxg7 12. b5 {[%emt 0:00:00] Black must now prevent Qc2.} Nc7 13. d3 (13. O-O $16) 13... Nf6 $11 14. Nc3 a6 $1 15. O-O Be6 16. Nd4 axb5 17. Ncxb5 Bd7 18. Nxc7 Qxc7 19. Bf3 Bc6 (19... e5 {seems wilder.} 20. Nb5 Qb6 21. Qc3 Bxb5 22. Rfb1 Rxa1 23. Qxa1 Qa6) 20. h3 e5 21. Nxc6 bxc6 22. Rxa8 Rxa8 23. Rb1 Rd8 24. Qb6 Qxb6 25. Rxb6 {[%emt 0:00:00][%mdl 4096] Endgame KRB-KRN} c5 26. Bc6 Ng8 27. Rb7 Kf6 28. g4 {[%emt 0:00:00] Hoping for Bd5.} h6 29. h4 Ne7 30. Bd7 g5 (30... Ra8 $1 $11) 31. h5 $16 Kg7 32. Kg2 Kf8 {[%emt 0:00:35] [#]} 33. f4 exf4 $11 34. exf4 gxf4 35. Kf3 Kg7 (35... Ra8 $11 {remains equal.}) 36. Kxf4 $16 Kf6 37. Bb5 (37. Ra7 $1 $16) 37... Ke6 38. Ra7 Kf6 39. Bd7 $1 {[%emt 0:01:09] White is more active.} Kg7 {[%emt 0:01:17] [#]} 40. g5 $1 hxg5+ 41. Kxg5 {[%emt 0:00:01] Threatens to win with h6+.} Rh8 {[%emt 0:00:33] Loses the game.} (41... Ng8 $16 {was necessary.}) 42. Be6 $1 $18 {[%emt 0:02:11][%mdl 64] Discovered Attack} Re8 (42... f6+ 43. Kg4 Kf8) 43. h6+ Kf8 44. h7 Kg7 {[%emt 0:00:14] [#]} 45. h8=Q+ $1 {[%emt 0:00:27][%mdl 576] Deflection} Kxh8 (45... Rxh8 46. Rxe7) 46. Bxf7 Nc8 47. Bxe8 Nxa7 {[%emt 0:00:00] KB-KN} 48. Kf6 Kg8 49. Ke6 Nc8 50. Bd7 Nb6 51. Kxd6 Kf8 52. Bc6 Nc8+ 53. Kxc5 Ke7 {[%emt 0:00:02] White mates.} 54. Bg2 Nd6 55. d4 Nf5 56. Bh3 Nd6 57. Kd5 Nb7 58. c5 Kd8 59. c6 Na5 60. Kd6 Nc4+ {[%emt 0:00:02] [#]} 61. Kc5 $1 Nd2 62. d5 Ne4+ 63. Kb6 Nd6 64. c7+ {[%emt 0:00:06] Weighted Error Value: White=0.11 (very precise) /Black=0.16 (very precise)} 1-0

[Event "14th Chennai GM Open 2023"]
[Site "Chennai"]
[Date "2024.01.04"]
[Round "7.5"]
[White "Glek, Igor"]
[Black "Elgabry, Mohsen"]
[Result "1-0"]
[ECO "B08"]
[WhiteElo "2429"]
[BlackElo "2160"]
[Annotator "RC"]
[PlyCount "121"]
[EventDate "2023.12.31"]
[EventType "swiss"]
[EventCountry "IND"]
[SourceTitle "playchess.com"]
[Source "ChessBase"]
[SourceQuality "1"]
[TimeControl "5400+30"]

1. e4 g6 2. d4 Bg7 3. Nc3 d6 4. Be3 c6 5. a4 Nf6 6. h3 a5 7. Nf3 O-O 8. Be2 Nbd7 9. O-O e5 10. dxe5 dxe5 11. Qb1 Qe7 12. Qa2 Nh5 13. Bc4 h6 14. Rfd1 Re8 15. Qa3 Qxa3 16. Rxa3 Bf8 17. Raa1 Nc5 18. Nd2 Nf4 19. h4 Kg7 20. g3 Nfe6 21. Nf3 f6 22. Rd2 Nc7 23. Kg2 Be6 24. Bxc5 Bxc5 25. Bxe6 Nxe6 26. Rd7+ Re7 27. Rad1 Kf7 28. h5 g5 29. Ne2 g4 30. Nh4 Ke8 31. Rxe7+ Bxe7 32. Nf5 Ng5 33. Nxh6 Nxe4 34. Nxg4 Nc5 35. Nc3 Kf7 36. Nh6+ Ke6 37. g4 Rb8 38. Kf3 Na6 39. Nf5 Nb4 40. Rd2 b5 41. axb5 cxb5 42. Ne4 Nc6 43. c3 Bf8 44. Rd1 b4 45. Ra1 b3 46. Ne3 Ra8 47. Ra4 Bh6 48. Nc5+ Kf7 49. Nc4 Rb8 50. Nxa5 e4+ 51. Kxe4 Ne5 52. Naxb3 Nxg4 53. Kf5 Nxf2 54. Ra7+ Kg8 55. Nd7 Rb5+ 56. Nbc5 Nd3 57. Kg6 Nf4+ 58. Kxh6 Kf7 59. b4 Ne2 60. Ne5+ Ke8 61. Nc4 1-0

[Event "14th Chennai GM Open 2023"]
[Site "Chennai"]
[Date "2024.01.04"]
[Round "7.6"]
[White "Abhishek, Kelkar"]
[Black "Khusenkhojaev, Muhammad"]
[Result "1-0"]
[ECO "E60"]
[WhiteElo "2204"]
[BlackElo "2366"]
[Annotator "RC"]
[PlyCount "105"]
[EventDate "2023.12.31"]
[EventType "swiss"]
[EventCountry "IND"]
[SourceTitle "playchess.com"]
[Source "ChessBase"]
[SourceQuality "1"]
[TimeControl "5400+30"]

1. d4 Nf6 2. c4 g6 3. h4 c6 4. h5 Nxh5 5. e4 d5 6. e5 dxc4 7. Nc3 Ng7 8. Nf3 Nd7 9. Ng5 h5 10. Qf3 Nf5 11. e6 fxe6 12. Bxc4 Nf6 13. Bf4 Bh6 14. O-O-O Nd5 15. g3 Nxf4 16. gxf4 Bxg5 17. fxg5 Bd7 18. Kb1 Qa5 19. Ne4 Nd6 20. Nxd6+ exd6 21. d5 cxd5 22. Qf6 Rf8 23. Qxg6+ Kd8 24. Bb3 Qb4 25. Rxh5 Kc7 26. Rh7 Rad8 27. Qxe6 Qb5 28. Qxd5 Qxd5 29. Bxd5 Kb6 30. Rf7 Bf5+ 31. Ka1 Rb8 32. f4 Bg6 33. Rd7 Bh5 34. Rf1 Kc5 35. Bb3 Bg4 36. Rc1+ Kb5 37. Rf7 Bh5 38. Rxf8 Rxf8 39. Rf1 Kc5 40. f5 d5 41. g6 Kd6 42. g7 Re8 43. f6 Bf7 44. Kb1 Rc8 45. Re1 Rc7 46. a3 b5 47. Re8 Bg6+ 48. Ka2 Rc1 49. Bc2 Bf7 50. Bg6 Bxg6 51. g8=Q Bb1+ 52. Kb3 Bc2+ 53. Kb4 1-0

[Event "14th Chennai GM Open 2023"]
[Site "Chennai"]
[Date "2024.01.04"]
[Round "7.7"]
[White "Manik, Mikulas"]
[Black "Aakash G"]
[Result "1/2-1/2"]
[ECO "B51"]
[WhiteElo "2343"]
[BlackElo "1823"]
[Annotator "RC"]
[PlyCount "42"]
[EventDate "2023.12.31"]
[EventType "swiss"]
[EventCountry "IND"]
[SourceTitle "playchess.com"]
[Source "ChessBase"]
[SourceQuality "1"]
[TimeControl "5400+30"]

1. e4 c5 2. Nf3 d6 3. Bb5+ Nd7 4. O-O a6 5. Bd3 g6 6. c3 Bg7 7. Bc2 Ngf6 8. d4 O-O 9. Re1 cxd4 10. cxd4 Nb6 11. Nbd2 Nh5 12. b3 e5 13. Ba3 exd4 14. e5 Nf4 15. Bxd6 d3 16. Bb1 Ne2+ 17. Kh1 Nc3 18. Qc1 Ne2 19. Qd1 Nc3 20. Qc1 Ne2 21. Qd1 Nc3 1/2-1/2

[Event "14th Chennai GM Open 2023"]
[Site "Chennai"]
[Date "2024.01.04"]
[Round "7.8"]
[White "Viani Antonio Dcunha"]
[Black "Pawar, Harshit"]
[Result "1/2-1/2"]
[ECO "C11"]
[WhiteElo "2407"]
[BlackElo "1945"]
[Annotator "RC"]
[PlyCount "210"]
[EventDate "2023.12.31"]
[EventType "swiss"]
[EventCountry "IND"]
[SourceTitle "playchess.com"]
[Source "ChessBase"]
[SourceQuality "1"]
[TimeControl "5400+30"]

1. e4 e6 2. d4 d5 3. Nc3 Nf6 4. e5 Nfd7 5. f4 c5 6. Nf3 Nc6 7. Be3 Be7 8. Qd2 O-O 9. dxc5 Nxc5 10. O-O-O b6 11. h4 f6 12. exf6 Bxf6 13. Nd4 Nxd4 14. Bxd4 Bxd4 15. Qxd4 Qf6 16. g3 Qxd4 17. Rxd4 g6 18. Bg2 Rb8 19. Re1 Kf7 20. Rd2 Bd7 21. Ne2 Nb7 22. Nd4 Nd6 23. Nf3 Kg7 24. Bh3 Rbe8 25. Ne5 Bc8 26. Re3 Nf7 27. Nc6 Nd6 28. Ne5 Nf7 29. a4 Nxe5 30. Rxe5 Rf7 31. Rde2 Rfe7 32. b3 Kf7 33. Kb2 Rc7 34. Re1 Bd7 35. Bf1 Rcc8 36. Bd3 Kf6 37. R1e2 Re7 38. Rh2 Be8 39. Rhe2 Bd7 40. Kc1 Rg8 41. Kd2 h6 42. Kc3 Ree8 43. Kd4 Re7 44. R2e3 h5 45. Re1 Be8 46. Ra1 a5 47. Rb1 Rc7 48. Rbe1 Bf7 49. Rg5 Rd8 50. Rg1 Rh8 51. Rg2 Rcc8 52. Re5 Rc7 53. Rf2 Rcc8 54. Re1 Rhd8 55. Rfe2 Rc7 56. Rb1 Be8 57. Re5 Ra8 58. Rb2 Rac8 59. Re1 Ra8 60. Ra1 Rca7 61. Rbb1 Bd7 62. Rg1 Be8 63. Rae1 Bf7 64. Re5 Rc7 65. Rg5 Rh8 66. Ke3 Rcc8 67. Rb1 Ra8 68. Kd2 Ra7 69. Kc3 Rc8+ 70. Kb2 Be8 71. Rg1 Rh7 72. Re1 Rhc7 73. Rge5 Bf7 74. R1e2 Rd8 75. c3 Rd6 76. c4 dxc4 77. Bxc4 Rcd7 78. Kc3 Rd8 79. R2e3 Rc6 80. Rd3 Rxd3+ 81. Kxd3 Rd6+ 82. Kc3 Be8 83. Bd3 Rc6+ 84. Kd4 Rd6+ 85. Ke3 Bc6 86. Rg5 Be8 87. Kd2 Rc6 88. Bc4 Rd6+ 89. Kc3 Bc6 90. Bd3 Be8 91. Bb5 Bf7 92. Re5 Ke7 93. Re4 Rd1 94. Kc2 Rd5 95. Rc4 Kf6 96. Rc7 Rc5+ 97. Rxc5 bxc5 98. Bd3 e5 99. fxe5+ Kxe5 100. Kc3 Kd6 101. Bc2 Ke5 102. Bb1 Kd6 103. Bd3 Ke5 104. Bc2 Kd6 105. Bb1 Ke5 1/2-1/2

[Event "14th Chennai GM Open 2023"]
[Site "Chennai"]
[Date "2024.01.04"]
[Round "7.9"]
[White "Tologon tegin, Semetei"]
[Black "Gaikwad Manas"]
[Result "1-0"]
[ECO "B08"]
[WhiteElo "2384"]
[BlackElo "1860"]
[Annotator "RC"]
[PlyCount "181"]
[EventDate "2023.12.31"]
[EventType "swiss"]
[EventCountry "IND"]
[SourceTitle "playchess.com"]
[Source "ChessBase"]
[SourceQuality "1"]
[TimeControl "5400+30"]

1. Nf3 Nf6 2. d4 g6 3. Nbd2 Bg7 4. e4 d6 5. Bc4 O-O 6. O-O Nxe4 7. Bxf7+ Rxf7 8. Nxe4 h6 9. h3 g5 10. Nh2 Nc6 11. c3 e5 12. dxe5 dxe5 13. Qe2 Bf5 14. Rd1 Qe7 15. Nf1 Nd8 16. Nfg3 Bg6 17. Qb5 a6 18. Qb3 b6 19. Qd5 Rb8 20. Be3 Ne6 21. Qc6 Kh7 22. Rd2 Qe8 23. Qc4 a5 24. Rad1 Kh8 25. a4 Re7 26. b3 b5 27. axb5 Qxb5 28. Qxb5 Rxb5 29. Rd5 Rxb3 30. Rxa5 Nf4 31. Kh2 Nh5 32. Rd8+ Kh7 33. Nxh5 Bxh5 34. Rc5 Bg6 35. f3 Rb2 36. Rd2 Rxd2 37. Bxd2 Rd7 38. Be1 Kg8 39. Bg3 Re7 40. c4 Kf7 41. Nc3 Bd3 42. Nd5 Rd7 43. Nxc7 Bf8 44. Rc6 Rd6 45. Rc5 Rd4 46. Rxe5 Bxc4 47. Rf5+ Kg8 48. Ne8 Be7 49. Nf6+ Bxf6 50. Rxf6 Kh7 51. Rc6 Bf1 52. Kg1 Bb5 53. Rb6 Rd1+ 54. Kh2 Bf1 55. Rb7+ Kg6 56. Rb6+ Kf5 57. Bf2 h5 58. g4+ hxg4 59. hxg4+ Kf4 60. Rf6+ Ke5 61. Rf5+ Ke6 62. Rxg5 Kf7 63. Kg3 Bc4 64. Re5 Rd3 65. Be3 Rd5 66. Re4 Bd3 67. Rb4 Kg6 68. f4 Rd6 69. Bc5 Rc6 70. Rd4 Ba6 71. f5+ Kf7 72. Rd7+ Kg8 73. Bd4 Bd3 74. Kf4 Rc2 75. g5 Rc1 76. g6 Rf1+ 77. Ke3 Rxf5 78. Rd8+ Rf8 79. Rxf8+ Kxf8 80. Kxd3 Kg8 81. Ke4 Kf8 82. Kf5 Ke7 83. Bc5+ Kd7 84. g7 Kc6 85. g8=Q Kxc5 86. Ke5 Kb4 87. Kd4 Kb5 88. Qe6 Kb4 89. Qb6+ Ka3 90. Kc3 Ka4 91. Qa6# 1-0

[Event "14th Chennai GM Open 2023"]
[Site "Chennai"]
[Date "2024.01.04"]
[Round "7.10"]
[White "Ayushh Ravikumar"]
[Black "Podolchenko, Evgeniy"]
[Result "1/2-1/2"]
[ECO "D36"]
[WhiteElo "1885"]
[BlackElo "2376"]
[Annotator "RC"]
[PlyCount "64"]
[EventDate "2023.12.31"]
[EventType "swiss"]
[EventCountry "IND"]
[SourceTitle "playchess.com"]
[Source "ChessBase"]
[SourceQuality "1"]
[TimeControl "5400+30"]

1. d4 Nf6 2. Nf3 e6 3. c4 d5 4. Nc3 Be7 5. Bg5 Nbd7 6. e3 O-O 7. Qc2 c6 8. cxd5 exd5 9. Bd3 Re8 10. O-O Nf8 11. Rab1 a6 12. b4 Ne4 13. Bxe7 Qxe7 14. a4 Ng6 15. b5 axb5 16. axb5 Nxc3 17. Qxc3 Bg4 18. Nd2 Nh4 19. Rfe1 Qg5 20. g3 Bd7 21. bxc6 bxc6 22. Be2 Ng6 23. Rb7 Red8 24. Ra1 Be8 25. Rxa8 Rxa8 26. Qb2 Qd8 27. Nb3 Nf8 28. Nc5 Nd7 29. Nxd7 Bxd7 30. Qb6 Qxb6 31. Rxb6 Kf8 32. Kg2 Ke7 1/2-1/2

[Event "14th Chennai GM Open 2023"]
[Site "Chennai"]
[Date "2024.01.04"]
[Round "7.11"]
[White "Shahil Dey"]
[Black "Anilkumar, O.T."]
[Result "1-0"]
[ECO "B00"]
[WhiteElo "2368"]
[BlackElo "1877"]
[Annotator "RC"]
[PlyCount "87"]
[EventDate "2023.12.31"]
[EventType "swiss"]
[EventCountry "IND"]
[SourceTitle "playchess.com"]
[Source "ChessBase"]
[SourceQuality "1"]
[TimeControl "5400+30"]

1. e4 e6 2. d4 b6 3. Bd3 Bb7 4. Nf3 Nf6 5. Nbd2 c5 6. c3 d6 7. O-O Be7 8. Re1 a6 9. Qe2 Qc7 10. Nf1 Nbd7 11. Ng3 b5 12. Bg5 h6 13. Bd2 g6 14. b3 e5 15. a4 b4 16. dxe5 dxe5 17. Rec1 Qd8 18. a5 Bd6 19. cxb4 cxb4 20. Rc4 Rc8 21. Rxc8 Qxc8 22. Rc1 Qa8 23. Rc4 O-O 24. Bxh6 Rc8 25. Ng5 Nc5 26. Bc2 Bc6 27. Qf3 Ncd7 28. h4 Bb5 29. h5 Bxc4 30. bxc4 Bc5 31. hxg6 fxg6 32. Ba4 Rc6 33. Nf1 Qc8 34. Bxc6 Qxc6 35. Nd2 Qd6 36. Nb3 Bd4 37. Qh3 Ba7 38. Qf3 Bd4 39. Qh3 Ba7 40. Qf3 Bd4 41. c5 Bxc5 42. Qe2 Qe7 43. Qxa6 Bxf2+ 44. Kxf2 1-0

[Event "14th Chennai GM Open 2023"]
[Site "Chennai"]
[Date "2024.01.04"]
[Round "7.12"]
[White "Buscara, Sevan"]
[Black "Raihaan Zahid"]
[Result "1-0"]
[ECO "D32"]
[WhiteElo "2359"]
[BlackElo "1839"]
[Annotator "RC"]
[PlyCount "175"]
[EventDate "2023.12.31"]
[EventType "swiss"]
[EventCountry "IND"]
[SourceTitle "playchess.com"]
[Source "ChessBase"]
[SourceQuality "1"]
[TimeControl "5400+30"]

1. Nf3 Nf6 2. c4 e6 3. Nc3 d5 4. e3 c5 5. cxd5 exd5 6. d4 Nc6 7. Be2 a6 8. O-O Be7 9. b3 O-O 10. dxc5 Bxc5 11. Bb2 Re8 12. Rc1 Ba7 13. Na4 Ne4 14. Nd4 Ne5 15. f3 Nf6 16. Re1 Qd6 17. Bf1 h5 18. Qd2 b5 19. Nc3 Bd7 20. Qf2 Ng6 21. Nce2 h4 22. g3 Rad8 23. Nf4 hxg3 24. hxg3 Ne5 25. g4 Bb8 26. Rcd1 Bc8 27. Rd2 Bc7 28. Rc2 Ba5 29. Rec1 Bxg4 30. fxg4 Nexg4 31. Qh4 Rxe3 32. Ng2 Re5 33. Qg3 Bb6 34. Rc8 Qd7 35. Rxd8+ Qxd8 36. Bd3 g6 37. Rc6 Qb8 38. Qf4 Kg7 39. Bf1 g5 40. Qg3 Qa7 41. Rxb6 Qxb6 42. Bd3 Kf8 43. Kf1 Re8 44. Qh3 Qc7 45. Nf5 Qh2 46. Ba3+ Kg8 47. Nh6+ Kg7 48. Nf5+ Kg8 49. Nh6+ Kh8 50. Nxf7+ Kg7 51. Nxg5 Ne3+ 52. Nxe3 Qxh3+ 53. Nxh3 Rxe3 54. Nf2 Kg8 55. Bc5 Re8 56. Bd4 Ne4 57. Ng4 Rc8 58. Ne3 Rc1+ 59. Ke2 Nc3+ 60. Bxc3 Rxc3 61. Nxd5 Rc1 62. Nb4 a5 63. Nc2 b4 64. Ke3 Kf7 65. Kd4 Ke6 66. Kc5 Rd1 67. Nd4+ Kf6 68. Bc4 Ra1 69. Kb5 Rxa2 70. Nc6 Ra1 71. Nxa5 Ke5 72. Nc6+ Kd6 73. Kb6 Ra8 74. Nxb4 Rb8+ 75. Ka5 Ra8+ 76. Na6 Kc6 77. b4 Rd8 78. b5+ Kb7 79. Bd3 Rd5 80. Be4 Ka7 81. Nb4 Rh5 82. Bd5 Rh6 83. Nc6+ Kb7 84. b6 Rh7 85. Nb4+ Kb8 86. Ka6 Rb7 87. Nc6+ Kc8 88. Be6+ 1-0

[Event "14th Chennai GM Open 2023"]
[Site "Chennai"]
[Date "2024.01.04"]
[Round "7.13"]
[White "Sriram Adarsh Uppala"]
[Black "Manish Anto Cristiano F"]
[Result "1/2-1/2"]
[ECO "D12"]
[WhiteElo "1900"]
[BlackElo "2349"]
[Annotator "RC"]
[PlyCount "60"]
[EventDate "2023.12.31"]
[EventType "swiss"]
[EventCountry "IND"]
[SourceTitle "playchess.com"]
[Source "ChessBase"]
[SourceQuality "1"]
[TimeControl "5400+30"]

1. Nf3 Nf6 2. b3 d5 3. e3 Bf5 4. Bb2 h6 5. c4 e6 6. Nc3 c6 7. d4 Nbd7 8. Bd3 Bxd3 9. Qxd3 Bd6 10. O-O O-O 11. e4 dxe4 12. Nxe4 Nxe4 13. Qxe4 Qe7 14. Rad1 Nf6 15. Qh4 Nh7 16. d5 Qxh4 17. Nxh4 cxd5 18. cxd5 Be7 19. Nf3 exd5 20. Rxd5 Rfd8 21. Rfd1 Rxd5 22. Rxd5 Nf6 23. Rd2 Rc8 24. Re2 Kf8 25. g3 Rc7 26. Nd4 Rd7 27. Nf5 Bd8 28. h3 h5 29. Rc2 g6 30. Ne3 Nd5 1/2-1/2